 Dungeon Crawl Stone Soup version 0.31-b1-17-gcfd88c8481 (webtiles) character file.

Game seed: 1389529612969130907

65 hawla the Scratcher (level 3, -2/18 HPs)
             Began as a Felid Shapeshifter on Jan 15, 2024.
             Slain by Terence
             ... wielding a +0 hand axe
              (5 damage)
             ... on level 3 of the Dungeon.
             The game lasted 00:06:24 (1720 turns).

hawla the Scratcher (Felid Shapeshifter)            Turns: 1720, Time: 00:06:25

Health: -2/18      AC:  1    Str: 12    XL:     3   Next: 92%
Magic:  4/4        EV: 17    Int: 13    God:
Gold:   132        SH:  0    Dex: 15    Spells: 1/2 levels left
                                        Lives:  0   Deaths: 1

rFire   . .          .
                       - Unarmed
rCold   . . .        (shield unavailable)
rNeg    . . .        (body armour unavailable)
rPois   +            (helmet unavailable)
rElec   .            (cloak unavailable)
rCorr   .            (gloves unavailable)
SInv    +            (boots unavailable)
Will    .....        g - amulet of the acrobat
Stlth   ++           h - ring of wizardry
HPRegen 0.23/turn    k - ring of poison resistance
MPRegen 0.09/turn

%: acrobat, wizardry (x1)
@: beast-form
A: beast (slay +1), very small, claws 1, fangs 3, see invisible, shaggy fur 1,
stealthy paws, no weapons or thrown items, no armour, multi-lived
a: Begin Untransformation


You were on level 3 of the Dungeon.
You were a hulking beast.
You visited 1 branch of the dungeon, and saw 3 of its levels.

You collected 132 gold pieces.

Inventory:

Jewellery
 g - an amulet of the acrobat (around neck)
 h - a ring of wizardry (left paw)
 k - a ring of poison resistance (right paw)
Talismans
 b - a beast talisman
 c - a flux talisman
Scrolls
 i - a scroll of brand weapon {unknown}
 j - a scroll of vulnerability {unknown}
 o - a scroll of butterflies {unknown}
Potions
 a - 2 potions of lignification
 l - a potion of haste
 m - a potion of cancellation
 n - 2 potions of might


   Skills:
 + Level 1.1 Fighting
 + Level 3.1 Dodging
 + Level 1.7 Stealth
 + Level 3.8 Unarmed Combat
 + Level 3.2 Shapeshifting


You had one spell level left.
You knew the following spells:

 Your Spells              Type           Power      Damage    Failure   Level
a - Apportation           Tloc           0%         N/A       12%         1

Your spell library contained the following spells:

 Spells                   Type           Power      Damage    Failure   Level
 Necrotise                Necr           0%         1d4       12%         1
 Shock                    Conj/Air       0%         1d3       12%         1
 Sting                    Conj/Alch      0%         1d3       12%         1
 Summon Small Mammal      Summ           0%         N/A       12%         1
 Cigotuvi's Dreadful Rot  Necr/Alch/Air  0%         N/A       19%         2
 Ignite Poison            Fire/Alch      0%         N/A       73%         4
 Fireball                 Conj/Fire      0%         3d3       96%         5
 Freezing Cloud           Conj/Ice/Air   0%         6-21      96%         5
 Conjure Ball Lightning   Conj/Air       0%         3x3d6     100%        6
 Sculpt Simulacrum        Ice/Alch       0%         N/A       100%        6
 Ozocubu's Refrigeration  Ice            0%         4d7       100%        7
 Ignition                 Fire           0%         3d3       100%        8
 Polar Vortex             Ice            0%         N/A       100%        9


Dungeon Overview and Level Annotations

Branches:
Dungeon (3/15)

Altars:
Fedhas
Makhleb

Annotations:
D:1 Crazy Yiuf
D:3 Terence


Innate Abilities, Weirdness & Mutations

You are a hulking beast.
Your limbs bulge with bestial killing power. (Slay +1)
You have sharp claws.
You have razor-sharp teeth.
You have supernaturally acute eyesight. (SInv)
You are covered in fur. (AC +1)
Your paws help you pounce on unaware monsters.
You are incapable of wielding weapons or throwing items.
You cannot wear armour.
You gain extra lives every three experience levels.


Message History

Your surroundings suddenly seem different.
Found a club.
Found a blossoming altar of Fedhas.
An adder comes into view.
The adder hisses angrily.
The adder misses you.
You claw the adder!
The adder is almost dead.
The adder misses you.
You barely miss the adder. You bite the adder.
You kill the adder!
No target in view!
Found a hat.
You pick up the Discursus on Lofty Cinders and begin reading...
It was the Discursus on Lofty Cinders.
You add the spells Shock, Fireball, Conjure Ball Lightning and Ignition to your library.
Okay, then.
A dart slug and Terence come into view.
Terence is wielding a +0 hand axe and carrying a wand of polymorph.
Terence shouts!
You scratch the dart slug.
The dart slug is severely wounded.
The dart slug bites you.
You claw the dart slug!
You kill the dart slug!
You scratch Terence. Your bite misses Terence.
Terence is moderately wounded.
Terence barely misses you.
You scratch Terence.
Terence is heavily wounded.
Terence hits you with a +0 hand axe!
You scratch Terence.
Terence is severely wounded.
Terence hits you with a +0 hand axe.
* * * LOW HITPOINT WARNING * * *
Okay, then.
You barely miss Terence.
Terence is severely wounded.
Terence hits you with a +0 hand axe.
You die...
Terence says, "Rest in peace."

###...#### ........
#.##...#######
#...........)##
#####.#........
###.#.≈.≈≈≈≈≈
######.....≈......
#........#.≈.§≈≈≈≈
#.h#.......≈.≈...≈
#.@###.###.≈.≈._..
#..# #.# #.§.≈...≈
#.####.# #.≈.≈≈≈≈≈
..#....# #§§§.....
#^.####.###.≈≈≈≈≈≈≈
#.. #[...........
... ####...######
#####


You could see Terence.

Vanquished Creatures
  2 adders
  2 dart slugs
  2 ribbon worms (D:2)
  4 bats
  3 endoplasms
  A giant cockroach (D:1)
  6 hobgoblins
  3 jackals (D:2)
  A quokka (D:2)
  5 frilled lizards
  A goblin (D:2)
  3 kobolds
  5 rats
38 creatures vanquished.

Notes
Turn   | Place    | Note
-------+----------+-------------------------------------------
     0 | D:1      | hawla the Felid Shapeshifter began the quest for the Orb.
     0 | D:1      | Reached XP level 1. HP: 10/10 MP: 2/2
   177 | D:1      | Reached XP level 2. HP: 14/14 MP: 3/3
   765 | D:1      | Found a burning altar of Makhleb.
   874 | D:2      | Reached skill level 1 in Stealth
   891 | D:2      | Learned a level 1 spell: Apportation
   932 | D:2      | Reached XP level 3. HP: 18/18 MP: 4/4
   955 | D:2      | Found a runed translucent door.
   956 | D:2      | Noticed Crazy Yiuf
  1135 | D:2      | Mangled by Crazy Yiuf
  1135 | D:2      | Lost a life (0 lives remaining)
  1683 | D:3      | Found a blossoming altar of Fedhas.
  1691 | D:3      | Got the Discursus on Lofty Cinders
  1713 | D:3      | Noticed Terence
  1720 | D:3      | Slain by Terence

Illustrated notes

Levels and vault maps discovered:
D:1:      dpeg_arrival_water_altar, layout_loops_ring, serial_rivers,
          chequers_serial_rivers_small_b, chequers_serial_rivers_micro_d,
          chequers_serial_rivers_micro_b, chequers_serial_rivers_large_a
D:2:      layout_rooms, hangedman_decor_clover_reticule, minmay_bisected,
          uniq_crazy_yiuf_cottage
D:3:      minmay_angry_zag, layout_loops_ring,
          mainiacjoe_overflow_concentric_impassable, uniq_terence

Skill      XL: |  1  2 |
---------------+-------+-----
Shapeshifting  | 3 |  3.2
Dodging        | 3 |  3.1
Stealth        | 1 |  1.7
Fighting       | |  1.1
Unarmed Combat | |  3.8

Action                     || total
---------------------------++-------
  Melee: Unarmed           ||   105
         Bite              ||    11
         Punch             ||     1
    Use: Scroll            ||     5
   Stab: Sleeping          ||     3
 Armour: Skin              ||    30
  Dodge: Dodged            ||    90
